 Dungeon Crawl Stone Soup version 0.16.2-12-gd0ad4c3 (webtiles) character file.

1061 faibistes the Thaumaturge (level 8, 0/45 HPs)
             Began as a Deep Elf Wizard on Nov 9, 2018.
             Killed by nerve-wracking pain
             ... invoked by an orc priest
              (12 damage)
             ... on level 7 of the Dungeon.
             The game lasted 00:18:59 (6960 turns).

faibistes the Thaumaturge (Deep Elf Wizard)         Turns: 6960, Time: 00:19:00

Health: 0/45       AC:  4    Str:  4    XL:     8   Next: 6%
Magic:  16/28      EV: 17    Int: 26    God:
Gold:   367        SH:  0    Dex: 13    Spells: 7 memorised, 10 levels left

rFire  . . .     SeeInvis .     w - +0 dagger (flame)
rCold  + . .     Clarity  .     a - +0 robe
rNeg   . . .     SustAb   .     (no shield)
rPois  .         Gourm    .     b - +0 hat
rElec  .         Spirit   .     (no cloak)
rCorr  .         Warding  .     u - +0 pair of gloves (curse)
rMut   .         Stasis   .     C - +0 pair of boots
MR     .....                    (no amulet)
Stlth  +.........               L - ring of protection from cold
                                i - +3 ring of evasion

@: confused, very slightly contaminated, repel missiles, not resistant to
hostile enchantments, very unstealthy
A: no striking features
a: no special abilities


You were on level 7 of the Dungeon.
You were not hungry.

You visited 1 branch of the dungeon, and saw 7 of its levels.

You collected 367 gold pieces.

Inventory:

Hand weapons
 f - a +0 dagger
 g - a +0 club
 k - a +0 short sword
 w - a +0 dagger of flaming (weapon)
Armour
 a - a +0 robe (worn)
 b - a +0 hat (worn)
 u - a cursed +0 pair of gloves (worn)
 C - a +0 pair of boots (worn)
Jewellery
 i - a +3 ring of evasion (left hand)
 B - an uncursed ring of ice
 L - a ring of protection from cold (right hand)
Magical devices
 q - a wand of magic darts (16)
 A - a wand of flame (13)
 E - a wand of teleportation (4)
 K - a wand of paralysis (7)
Scrolls
 e - 4 scrolls of remove curse {unknown}
 h - a scroll of random uselessness {unknown}
 m - 3 scrolls of teleportation {unknown}
 o - a scroll of blinking {unknown}
 r - a scroll of amnesia {unknown}
 s - a scroll of enchant armour {unknown}
 x - 2 scrolls of recharging {unknown}
 y - 3 scrolls of magic mapping {unknown}
 I - a scroll of fear {unknown}
Potions
 l - 3 potions of curing
 n - a potion of restore abilities
 z - a potion of brilliance
 H - 6 potions of haste
 J - 2 potions of heal wounds
 M - a potion of resistance
Books
 c - a book of Minor Magic

   Spells                             Type                      Level
   a - Magic Dart                     Conjuration                  1
   b - Blink                          Translocation                2
   c - Call Imp                       Summoning                    2
   d - Repel Missiles                 Charms/Air                   2
   e - Slow                           Hexes                        2
   f - Conjure Flame                  Conjuration/Fire             3
   g - Mephitic Cloud                 Conjuration/Poison/Air       3
 p - a book of Geomancy

   Spells                             Type                      Level
   a - Sandblast                      Earth                        1
   b - Stoneskin                      Transmutation/Earth          2
   c - Passwall                       Transmutation/Earth          3
   d - Stone Arrow                    Conjuration/Earth            3
   e - Petrify                        Transmutation/Earth          4
   f - Lee's Rapid Deconstruction     Earth                        5
 G - a book of Frost

   Spells                             Type                      Level
   a - Freeze                         Ice                          1
   b - Throw Frost                    Conjuration/Ice              2
   c - Ozocubu's Armour               Charms/Ice                   3
   d - Throw Icicle                   Conjuration/Ice              4
   e - Summon Ice Beast               Ice/Summoning                4
   f - Condensation Shield            Ice                          4
Comestibles
 d - 5 bread rations
 j - 4 meat rations
 t - a royal jelly
 v - 8 fruits
 F - a beef jerky


   Skills:
 * Level 2.8 Fighting
 + Level 4.1 Dodging
 - Level 2.4 Stealth
 * Level 9.6 Spellcasting
 - Level 3.7 Conjurations
 - Level 1.4 Summonings
 - Level 2.4 Translocations
 - Level 0.8 Air Magic
 + Level 2.5 Evocations


You had 10 spell levels left.
You knew the following spells:

 Your Spells              Type           Power        Failure   Level  Hunger
a - Magic Dart            Conj           ####         1%          1    None
b - Conjure Flame         Conj/Fire      ###.....     10%         3    None
c - Call Imp              Summ           ###.....     4%          2    None
d - Blink                 Tloc           N/A          2%          2    None
e - Mephitic Cloud        Conj/Pois/Air  ###.....     10%         3    None
f - Repel Missiles        Chrm/Air       ##....       10%         2    None
x - Stone Arrow           Conj/Erth      ###...       10%         3    None


Dungeon Overview and Level Annotations

Branches:
Dungeon (7/15)
 Temple: D:4-7

Altars:
Gozag
The Shining One


Message History

Casting: Magic Dart
Confirm with . or Enter, or press ? or * to list all spells.
Aiming: Mephitic Cloud
Press: ? - help, Shift-Dir - straight line, f - orc priest
Aim: an orc priest, wielding a whip and wearing a ring mail (heavily wounded)
You miscast Mephitic Cloud.
You are very lightly contaminated with residual magic.
You feel a strange surge of energy! Something barely misses you.
The orc priest calls down the wrath of Beogh upon you.
Something smites you!
* * * LOW HITPOINT WARNING * * *
Unknown command.
Casting: Mephitic Cloud
Confirm with . or Enter, or press ? or * to list all spells.
You blink.
The centaur seems less confused.
You hear some strange, mumbled words.
You are confused.
The orc priest calls down the wrath of Beogh upon you.
Pain shoots through your body!
You die...

#### ##..## ###
##....## ##.##
##......####...####
#.................#
##......#.........#
##...B##.........#
#....#........####
#..#(##@###.#.##
#.##<#..#...### #.
#)../ยง.###
........{##
..c...?o...#
.......?..#
...........#
............#
#......(..##


You could see a goliath beetle, a centaur and an orc priest.

Vanquished Creatures
  An ice beast (D:6)
  A sky beast (D:6)
  Duvessa (D:4)
  Blork the orc (D:4)
  A giant frog (D:6)
  A goliath beetle (D:6)
  Dowan (D:4)
  A centaur zombie (D:6)
  2 crimson imps
  An orc priest (D:5)
  A hound (D:3)
  A jelly (D:7)
  3 worker ants
  2 iguanas
  Natasha (D:3)
  2 orc wizards
  A worker ant zombie (D:5)
  8 adders
  2 shadow imps
  A giant mite (D:3)
  2 adder zombies
  5 giant geckos
  13 orcs
  2 giant cockroaches (D:3)
  7 hobgoblins
  4 quokkas
  2 ball pythons
  14 bats
  2 giant newts (D:1)
  9 goblins
  6 jackals
  11 kobolds
  11 rats
  A fungus (D:4)
122 creatures vanquished.

Vanquished Creatures (collateral kills)
  4 gnolls (D:2)
  A hobgoblin (D:2)
  3 jackals (D:2)
  A kobold (D:2)
9 creatures vanquished.

Vanquished Creatures (others)
  A crimson imp (D:2)
  An orc (D:7)
2 creatures vanquished.

Grand Total: 133 creatures vanquished

Notes
Turn   | Place    | Note
--------------------------------------------------------------
     0 | D:1      | faibistes, the Deep Elf Wizard, began the quest for the Orb.
     0 | D:1      | Reached XP level 1. HP: 10/10 MP: 6/6
   267 | D:2      | Reached skill level 5 in Spellcasting
   267 | D:2      | Reached XP level 2. HP: 4/15 MP: 4/11
   273 | D:1      | Learned a level 2 spell: Blink
   276 | D:1      | Learned a level 2 spell: Call Imp
  1428 | D:2      | Reached XP level 3. HP: 13/19 MP: 8/14
  1435 | D:1      | Learned a level 3 spell: Conjure Flame
  1439 | D:1      | Learned a level 3 spell: Mephitic Cloud
  2028 | D:2      | Learned a level 2 spell: Repel Missiles
  2234 | D:2      | Reached skill level 6 in Spellcasting
  2348 | D:2      | Reached XP level 4. HP: 21/24 MP: 15/18
  3016 | D:4      | Noticed Natasha
  3045 | D:3      | Killed Natasha
  3045 | D:3      | Reached skill level 7 in Spellcasting
  3045 | D:3      | Reached XP level 5. HP: 28/28 MP: 5/21
  3107 | D:3      | Learned a level 3 spell: Stone Arrow
  3647 | D:4      | Noticed Blork the orc
  3662 | D:4      | Killed Blork the orc
  3662 | D:4      | Reached XP level 6. HP: 32/32 MP: 5/24
  3768 | D:5      | Entered Level 5 of the Dungeon
  3790 | D:6      | Found a glowing golden altar of the Shining One.
  4174 | D:4      | Noticed Dowan
  4188 | D:4      | Killed Dowan
  4235 | D:4      | Noticed Duvessa
  4249 | D:4      | Killed Duvessa
  4249 | D:4      | Reached skill level 8 in Spellcasting
  4870 | D:5      | Found an opulent altar of Gozag.
  5306 | D:5      | Reached XP level 7. HP: 37/37 MP: 16/26
  5360 | D:5      | Paralysed by an orc priest for 2 turns
  5384 | D:5      | Reached skill level 1 in Fighting
  5533 | D:5      | Reached skill level 1 in Evocations
  6275 | D:6      | Reached skill level 9 in Spellcasting
  6831 | D:6      | Reached XP level 8. HP: 30/45 MP: 13/28
  6960 | D:7      | Killed from afar by an orc priest

Action                   |  1- 3 |  4- 6 |  7- 9 || total
-------------------------+-------+-------+-------++-------
Melee: Dagger            |       |    48 |    15 ||    63
 Cast: Magic Dart        |    67 |   130 |    51 ||   248
       Blink             |     8 |     3 |     2 ||    13
       Call Imp          |     6 |     2 |       ||     8
       Mephitic Cloud    |     3 |     8 |    12 ||    23
       Repel Missiles    |     1 |     1 |       ||     2
       Conjure Flame     |       |     8 |    12 ||    20
       Stone Arrow       |       |     1 |    17 ||    18
Evoke: Wand              |       |       |     4 ||     4
  Use: Scroll            |     2 |     3 |     1 ||     6
       Potion            |       |     1 |       ||     1
 Stab: Confused          |       |     1 |       ||     1
  Eat: Chunk             |     4 |     8 |     4 ||    16
       Fruit             |       |     1 |       ||     1
       Beef jerky        |       |       |     1 ||     1
